 Dungeon Sprint DCSS version 0.18-a0-1655-ge2d8d33 (webtiles) character file.

7900000 namelastname112 the Plane Walker (level 23, -1/131 HPs)
             Began as a Felid Warper on Mar 30, 2016.
             Was the Champion of Makhleb.
             Killed by the air
             ... invoked by a tyrant
              (50 damage)
             ... in the Dungeon (Sprint VIII: "Arena of Blood").
             The game lasted 00:01:15 (79 turns).

namelastname112 the Plane Walker (Felid Warper)       Turns: 79, Time: 00:01:16

Health: -1/131     AC:  3    Str:  7    XL:     23   Next: 20%
Magic:  55/55      EV: 44    Int: 18    God:    Makhleb [******]
Gold:   0          SH:  0    Dex: 23    Spells: 1 memorised, 75 levels left
                                        Lives:  0   Deaths: 2

rFire  . . .     SeeInvis +       - Unarmed
rCold  + . .     Gourm    .     (armour unavailable)
rNeg   . . .     Faith    .     (shield unavailable)
rPois  .         Spirit   .     (helmet unavailable)
rElec  .         Dismiss  .     (cloak unavailable)
rCorr  .         Reflect  .     (gloves unavailable)
SustAt .         Harm     .     (boots unavailable)
MR     +++..     NoTele   +     (no amulet)
Stlth  ++++++++++               (no ring)
                                i - +27000 ring of slaying

@: quick, extremely resistant to hostile enchantments, uncannily stealthy
A: no armour, no weapons or thrown items, claws 1, fangs 3, see invisible,
carnivore 3, speed 1, shaggy fur 3, slow metabolism 1, sharp paws
a: Minor Destruction, Lesser Servant of Makhleb, Major Destruction, Greater
Servant of Makhleb, Renounce Religion


You were in the Dungeon.
You worshipped Makhleb.
Makhleb was exalted by your worship.
You were not hungry.

You visited 1 branch

Inventory:

Jewellery
 i - a +27000 ring of slaying (left paw)
Scrolls
 b - 2 scrolls of blinking
Potions
 d - a potion of curing
 e - a potion of heal wounds
 f - a potion of haste
 g - 2 potions of magic
 h - a potion of berserk rage
Books
 a - a book of Spatial Translocations

   Spells                             Type                      Level
   a - Apportation                    Translocation                1
   b - Blink                          Translocation                2
   c - Shroud of Golubria             Charms/Translocation         2
   d - Portal Projectile              Translocation                3
   e - Teleport Other                 Translocation                3
   f - Passage of Golubria            Translocation                4
Comestibles
 c - a meat ration


   Skills:
 O Level 27 Fighting
 O Level 27 Dodging
 O Level 27 Stealth
 O Level 27 Unarmed Combat
 O Level 27 Spellcasting
 O Level 27 Translocations
 O Level 27 Invocations


You had 75 spell levels left.
You knew the following spells:

 Your Spells              Type           Power        Failure   Level  Hunger
a - Apportation           Tloc           #######...   0%          1    None


Dungeon Overview and Level Annotations

Branches:
Dungeon (1/1)

Altars:
Makhleb


Innate Abilities, Weirdness & Mutations

You cannot wear armour.
You are incapable of wielding weapons or throwing items.
You have sharp claws.
You have razor-sharp teeth.
You have supernaturally acute eyesight.
You are carnivorous and can eat meat at any time.
You cover ground quickly.
Your thick and shaggy fur keeps you warm (AC +3, rC+).
You have a slow metabolism.
Your sharp claws are effective at attacking unaware monsters.


Message History

The dread throws damnation at you.
The damnation unfurls!
The damnation engulfs you!
* * * LOW HITPOINT WARNING * * *
The dread calls on the powers of darkness!
The eight-headed meat hydra convulses!
Your body is wracked with pain!
* * * LOW HITPOINT WARNING * * *
The bag of meat convulses!
The meat berserker convulses!
The bag of meat convulses!
The meat berserker convulses!
The bag of meat convulses!
The meat berserker rages.
You hear a shout! x3
Found a chunk of flesh.
An orc and an ogre come into view.
You eviscerate the eight-headed meat hydra!!!!!!!!!!!!
You kill the eight-headed meat hydra!
Makhleb accepts your kill.
You feel better.
The tyrant waves its bony arms in wide circles.
The air twists around and strikes you!
You die...

...........†#.......#
o..%O......)#.......#
.#......oX.........
#o#.#...L.M......
#.#....M........
#.#.#..OoO.......
..#.#W..§§#.......
.....W..§§§..2.....
.##....o§@##.#.....
##...............
...o####%...#.. . #..
......... ##
......... ......= .
########


You could see 2 accurseds, a meat beast, a tyrant, a large abomination, 2
dreads, 3 meat berserkers and 5 bags of meat.

Vanquished Creatures
  7 vampire knights (D)
  15 ogres (D)
  A hydra (D)
  12 orcs (D)
  3 hill giants (D)
  A skeletal warrior (D)
  2 large abominations (D)
41 creatures vanquished.

Notes
Turn   | Place    | Note
--------------------------------------------------------------
     0 | D        | namelastname112 the Felid Warper began the quest for the Orb.
     0 | D        | Reached XP level 1. HP: 9/9 MP: 4/4
     4 | D        | Became a worshipper of Makhleb the Destroyer
    10 | D        | Noticed a meat berserker
    11 | D        | Noticed a bag of meat
    11 | D        | Noticed a meat berserker
    12 | D        | Killed a meat berserker
    12 | D        | Reached skill level 27 in Translocations
    12 | D        | Reached XP level 2. HP: 22/22 MP: 4/17
    12 | D        | Reached XP level 3. HP: 26/26 MP: 4/18
    12 | D        | Reached XP level 4. HP: 30/30 MP: 4/20
    12 | D        | Reached XP level 5. HP: 34/34 MP: 4/21
    12 | D        | Gained mutation: You are covered in thick fur (AC +2). [Felid growth]
    12 | D        | Reached XP level 6. HP: 37/37 MP: 4/23
    12 | D        | Reached XP level 7. HP: 41/41 MP: 4/24
    12 | D        | Reached XP level 8. HP: 45/45 MP: 4/26
    12 | D        | Reached XP level 9. HP: 49/49 MP: 4/27
    12 | D        | Reached XP level 10. HP: 53/53 MP: 4/28
    12 | D        | Reached XP level 11. HP: 57/57 MP: 4/29
    12 | D        | Gained mutation: Your thick and shaggy fur keeps you warm (AC +3, rC+). [Felid growth]
    12 | D        | Reached XP level 12. HP: 60/60 MP: 4/30
    12 | D        | Reached XP level 13. HP: 64/64 MP: 4/31
    14 | D        | Noticed a meat berserker
    15 | D        | Noticed a meat berserker
    15 | D        | Killed a meat berserker
    15 | D        | Reached * piety under Makhleb
    15 | D        | Reached XP level 14. HP: 72/72 MP: 4/35
    17 | D        | Killed a meat berserker
    17 | D        | Reached skill level 27 in Dodging
    17 | D        | Reached XP level 15. HP: 79/79 MP: 5/39
    19 | D        | Killed a meat berserker
    19 | D        | Reached ** piety under Makhleb
    20 | D        | Noticed a meat berserker
    20 | D        | Noticed a meat berserker
    20 | D        | Reached XP level 16. HP: 90/90 MP: 5/43
    21 | D        | Killed a meat berserker
    21 | D        | Reached *** piety under Makhleb
    22 | D        | Killed a meat berserker
    22 | D        | Reached XP level 17. HP: 99/99 MP: 6/48
    25 | D        | Noticed a meat berserker
    25 | D        | Reached **** piety under Makhleb
    25 | D        | Reached skill level 27 in Spellcasting
    28 | D        | Noticed a destroyer
    29 | D        | Killed a destroyer
    29 | D        | Reached skill level 27 in Fighting
    29 | D        | Reached skill level 27 in Unarmed Combat
    29 | D        | Reached XP level 18. HP: 109/109 MP: 7/50
    30 | D        | Killed a meat berserker
    32 | D        | Noticed a meat berserker
    34 | D        | Noticed a meat berserker
    34 | D        | Killed a meat berserker
    34 | D        | Reached ***** piety under Makhleb
    34 | D        | Reached XP level 19. HP: 113/113 MP: 9/51
    35 | D        | Noticed a destroyer
    37 | D        | Noticed a meat berserker
    37 | D        | Noticed a large bag of meat
    37 | D        | Noticed a destroyer
    38 | D        | Reached skill level 27 in Stealth
    39 | D        | Killed a meat berserker
    39 | D        | Reached skill level 27 in Invocations
    40 | D        | Noticed a destroyer
    40 | D        | Killed a destroyer
    40 | D        | Reached XP level 20. HP: 118/118 MP: 10/52
    42 | D        | Killed a meat berserker
    45 | D        | Reached ****** piety under Makhleb
    47 | D        | Reached XP level 21. HP: 122/122 MP: 12/53
    48 | D        | Noticed a destroyer
    50 | D        | Noticed a destroyer
    52 | D        | Noticed a destroyer
    52 | D        | Killed a destroyer
    53 | D        | Reached XP level 22. HP: 127/127 MP: 13/54
    54 | D        | Killed a destroyer
    57 | D        | Killed a destroyer
    58 | D        | Reached XP level 23. HP: 64/131 MP: 14/55
    59 | D        | Noticed a tyrant
    60 | D        | Noticed a destroyer
    61 | D        | Noticed an accursed
    61 | D        | Killed a destroyer
    62 | D        | Killed a destroyer
    62 | D        | Reached XP level 24. HP: 136/136 MP: 14/55
    64 | D        | Annihilated by a destroyer
    65 | D        | Reached XP level 23. HP: -86/131 MP: 15/55
    65 | D        | Noticed a tyrant
    65 | D        | Noticed an accursed
    65 | D        | Noticed an accursed
    66 | D        | Noticed a meat beast
    67 | D        | Noticed an accursed
    71 | D        | Reached XP level 24. HP: 136/136 MP: 55/55
    74 | D        | Noticed a dread
    74 | D        | Noticed a dread
    74 | D        | Demolished by a meat berserker
    75 | D        | Reached XP level 23. HP: -19/131 MP: 55/55
    76 | D        | Noticed a meat beast
    77 | D        | Noticed a meat beast
    79 | D        | Killed from afar by a tyrant

Vault maps used:
D:        meatsprint

Skill      XL: |  1  2  3  4  5  6  7  8  9 10 11 12 13 14 15 16 17 18 19 |
---------------+----------------------------------------------------------+-----
Fighting       | 11 14 16 20 24 27 | 27.0
Dodging        | 19 24 27 | 27.0
Unarmed Combat | 11 14 16 20 24 27 | 27.0
Spellcasting   | 13 16 19 22 26 27 | 27.0
Translocations | 27 | 27.0
Stealth        | 25 27 | 27.0
Invocations    | 19 27 | 27.0

Action                   |  1- 3 |  4- 6 |  7- 9 | 10-12 | 13-15 | 16-18 | 19-21 | 22-24 || total
-------------------------+-------+-------+-------+-------+-------+-------+-------+-------++-------
Melee: Unarmed           |     1 |       |       |       |     4 |     6 |    14 |    16 ||    41
